 Dungeon Crawl Stone Soup version 0.23.2-30-g0e89c35649 (webtiles) character file.

Game seed: 1480114021204662774

108 PentaManta the Poker (level 4, -6/35 HPs)
             Began as a Merfolk Gladiator on June 10, 2019.
             Killed from afar by an orc wizard (7 damage)
             ... with a puff of frost
             ... on level 3 of the Dungeon.
             The game lasted 00:03:40 (1754 turns).

PentaManta the Poker (Merfolk Gladiator)            Turns: 1754, Time: 00:03:41

Health: -6/35      AC:  7    Str: 15    XL:     4   Next: 87%
Magic:  4/4        EV: 14    Int:  7    God:
Gold:   129        SH:  0    Dex: 15    Spells: 3/3 levels left

rFire    . . .     SeeInvis .   a - +0 trident
rCold    . . .     Gourm    .   (no shield)
rNeg     . . .     Faith    .   b - +0 leather armour
rPois    .         Spirit   .   c - +0 helmet
rElec    .         Reflect  .   n - +1 cloak
rCorr    .         Harm     .   (no gloves)
MR       .....                  p - +0 pair of boots
Stlth    +.........             (no amulet)
HPRegen  0.11/turn              (no ring)
MPRegen  0.09/turn              (no ring)

@: no status effects
A: change form in water, swift swim, stealthy swim
a: no special abilities


You were on level 3 of the Dungeon.
You were hungry.

You visited 1 branch of the dungeon, and saw 3 of its levels.

You collected 129 gold pieces.

Inventory:

Hand Weapons
 a - a +0 trident (weapon)
Missiles
 d - 3 throwing nets (quivered)
Armour
 b - a +0 leather armour (worn)
 c - a +0 helmet (worn)
 n - a +1 cloak (worn)
 p - a +0 pair of boots (worn)
 s - a +0 chain mail
Jewellery
 e - a cursed -3 ring of dexterity {unknown}
 l - an uncursed ring of magical power {unknown}
Scrolls
 g - 4 scrolls of identify {unknown}
 r - a scroll of magic mapping {unknown}
Potions
 h - a potion of brilliance {unknown}
 i - a potion of might
 j - 2 potions of curing {unknown}
 k - a potion of mutation {unknown}
 m - a potion of heal wounds {unknown}
 o - a potion of ambrosia {unknown}
Comestibles
 f - 4 rations


   Skills:
 + Level 3.0 Fighting
 + Level 5.3 Polearms
 - Level 2.0 Throwing
 * Level 1.8 Armour
 + Level 4.7 Dodging


You had 3 spell levels left.
You didn't know any spells.
Your spell library contained the following spells:

 Spells                   Type           Power        Failure   Level  Hunger
 Corona                   Hex            #......      50%         1    ##.....
 Ensorcelled Hibernation  Hex/Ice        #.....       65%         2    ###....
 Confuse                  Hex            #.......     86%         3    ####...
 Dazzling Spray           Conj/Hex       #.....       86%         3    ####...
 Tukima's Dance           Hex            #.......     86%         3    ####...


Dungeon Overview and Level Annotations

Branches:
Dungeon (3/15)

Altars:
Elyvilon
Uskayaw
Xom

Annotations:
D:3 3 runed translucent doors, Ananasrisotto's ghost, amateur SpEn


Message History

You are too injured to fight recklessly!
You are too injured to fight recklessly!
You are too injured to fight recklessly!
You are too injured to fight recklessly!
You are too injured to fight recklessly!
You are too injured to fight recklessly!
You are too injured to fight recklessly!
You are too injured to fight recklessly!
You are too injured to fight recklessly!
You closely miss something.
The ooze jiggles.
You hear some strange, mumbled words.
A puff of flame appears from out of thin air!
The puff of flame hits you!
* * * LOW HITPOINT WARNING * * *
You completely miss something.
You hear some strange, mumbled words.
A puff of frost appears from out of thin air!
The puff of frost hits you!
You die...

...##.......#######. .
......(............. .. #
###..##....<#####.
.....#####....##.### #.
............#####.# #.
.......####.÷...#.# #.
......#..........########
###.###..##......^........
.
##.≈#__##.@{J.....####.##..
.. ###^_#♣.♣####......# #..
...#.≈.__≈...#........# +..
.......__#............# #..
#.≈#_♣.≈_♣###.###### #..
##_.[≈...# #.# #..
##_...≈## #.# #.. ###^###
... #.. .... ... #..


You could see an ooze.

Vanquished Creatures
  An orc wizard (D:2)
  2 adders (D:2)
  4 dart slugs
  A worm (D:3)
  2 leopard geckos
  An orc (D:3)
  3 bats
  3 giant cockroaches
  6 goblins
  3 hobgoblins
  4 jackals (D:2)
  5 kobolds
  A quokka (D:3)
  3 ball pythons (D:1)
  2 frilled lizards (D:1)
  7 rats
48 creatures vanquished.

Notes
Turn   | Place    | Note
-------+----------+-------------------------------------------
     0 | D:1      | PentaManta the Merfolk Gladiator began the quest for the
                  | Orb.
     0 | D:1      | Reached XP level 1. HP: 16/16 MP: 1/1
    98 | D:1      | Reached XP level 2. HP: 23/23 MP: 2/2
   444 | D:1      | Reached skill level 1 in Armour
   619 | D:2      | Reached XP level 3. HP: 28/28 MP: 3/3
   673 | D:2      | Found a hide-covered altar of Uskayaw.
   994 | D:2      | Reached skill level 5 in Polearms
  1019 | D:2      | Reached XP level 4. HP: 34/34 MP: 4/4
  1197 | D:2      | Found a white marble altar of Elyvilon.
  1386 | D:3      | Found a runed translucent gate.
  1386 | D:3      | Found a runed translucent gate.
  1386 | D:3      | Found a runed translucent gate.
  1386 | D:3      | Noticed Ananasrisotto's ghost (amateur SpEn)
  1442 | D:3      | Found a shimmering altar of Xom.
  1460 | D:3      | Found a shimmering altar of Xom.
  1460 | D:3      | Found a shimmering altar of Xom.
  1461 | D:3      | Found a shimmering altar of Xom.
  1461 | D:3      | Found a shimmering altar of Xom.
  1461 | D:3      | Found a shimmering altar of Xom.
  1461 | D:3      | Found a shimmering altar of Xom.
  1461 | D:3      | Found a shimmering altar of Xom.
  1466 | D:3      | Found a shimmering altar of Xom.
  1467 | D:3      | Found a shimmering altar of Xom.
  1467 | D:3      | Found a shimmering altar of Xom.
  1753 | D:3      | HP: 1/35 [something/puff of flame (10)]
  1754 | D:3      | Killed from afar by an orc wizard

Skill      XL: |  1  2  3  4 |
---------------+-------------+-----
Armour         | 1 |  1.8
Polearms       | 5 |  5.3
Fighting       | 3 |  3.0
Throwing       | |  2.0
Dodging        | |  4.7

Action                   |  1- 3 |  4- 6 || total
-------------------------+-------+-------++-------
Melee: Trident           |    80 |    64 ||   144
       Tailslap          |       |     2 ||     2
 Stab: Sleeping          |     2 |       ||     2
  Eat: Chunk             |       |     2 ||     2
Armor: Leather armour    |     8 |     9 ||    17
Dodge: Dodged            |    38 |    33 ||    71
